 Dungeon Crawl Stone Soup version 0.21.1-1-g345015f (webtiles) character file.

209 Fang the Chopper (level 5, -11/33 HPs)
             Began as a Gargoyle Berserker on May 30, 2018.
             Was a Believer of Trog.
             Killed by divine providence
             ... invoked by an orc priest
              (13 damage)
             ... on level 4 of the Dungeon.
             The game lasted 00:03:46 (2904 turns).

Fang the Chopper (Gargoyle Berserker)               Turns: 2904, Time: 00:03:47

Health: -11/33     AC:  6    Str: 21    XL:     5   Next: 87%
Magic:  5/5        EV: 12    Int:  8    God:    Trog [**....]
Gold:   166        SH:  0    Dex:  9    Spells: 4/4 levels left

rFire    . . .     SeeInvis .   a - +0 hand axe
rCold    . . .     Gourm    .   (no shield)
rNeg     + . .     Faith    .   b - +0 animal skin
rPois    ∞         Spirit   .   (no helmet)
rElec    +         Reflect  .   (no cloak)
rCorr    .         Harm     .   (no gloves)
MR       .....                  (no boots)
Stlth    +.........             (no amulet)
HPRegen  0.11/turn              (no ring)
MPRegen  0.09/turn              (no ring)

@: berserk cooldown, slowed, very slow
A: negative energy resistance 1, electricity resistance, unbreathing,
petrification resistance, rot immunity, AC +4
a: Berserk, Trog's Hand, Burn Spellbooks, Renounce Religion


You were on level 4 of the Dungeon.
You worshipped Trog.
Trog was pleased with you.
You were very hungry.

You visited 1 branch of the dungeon, and saw 4 of its levels.

You collected 166 gold pieces.

Inventory:

Hand Weapons
 a - a +0 hand axe (weapon)
Armour
 b - a +0 animal skin (worn)
Wands
 p - a wand of paralysis (5)
Scrolls
 e - 3 scrolls of identify {unknown}
 f - 2 scrolls of magic mapping {unknown}
 g - 2 scrolls of fog {unknown}
 h - a scroll of amnesia {unknown}
 j - a scroll of teleportation {unknown}
 k - a scroll of remove curse {unknown}
 l - 2 scrolls of noise {unknown}
 q - a scroll of immolation {unknown}
Potions
 d - a potion of degeneration {unknown}
 i - 2 potions of heal wounds {unknown}
 m - a potion of resistance {unknown}
 n - a potion of magic {unknown}
 o - a potion of curing {unknown}
 r - a potion of flight {unknown}
Comestibles
 c - 7 rations


   Skills:
 + Level 4.1 Fighting
 + Level 4.3 Axes
 + Level 2.2 Armour
 + Level 2.9 Dodging
 + Level 1.3 Stealth


You had 4 spell levels left.
You didn't know any spells.

Dungeon Overview and Level Annotations

Branches:
Dungeon (4/15)
 Temple: D:4-7

Altars:
Yredelemnul


Innate Abilities, Weirdness & Mutations

You are resistant to torment.
Your stone body is resilient. (AC +4)
You are immune to poison.
You resist negative energy. (rN+)
You are resistant to electric shocks. (rElec)
You can survive without breathing.
You are immune to petrification.
You are immune to rotting.


Message History

Trog accepts your kill.
You closely miss the orc priest.
You are no longer berserk.
You are exhausted.
You feel yourself slow down.
You barely miss the orc priest.
The orc priest is heavily wounded.
The orc priest closely misses you. The orc priest barely misses you.
You hit the orc priest.
The orc priest is almost dead.
The orc priest mumbles some strange prayers to Beogh against you.
Beogh smites you!
The orc priest calls down the wrath of Beogh upon you.
Beogh smites you!
* * * LOW HITPOINT WARNING * * *
You barely miss the orc priest.
The orc priest is almost dead.
The orc priest invokes the aid of Beogh against you.
Beogh smites you!
You die...

#.....# ... #.....#
.[... #.....# .... #
#.....# ... .. #.....#
#.# ...
#.....#####.###.... ##
#.................. ...
#...........)......
...###..........@o......
.........##.............
.........##..........###
.....................#
.........##..........#
.........##..........#
.........#############
......####
......###########


You could see an orc priest.

Vanquished Creatures
  A scorpion (D:4)
  An orc priest (D:3)
  An iguana (D:2)
  3 adders (D:2)
  An ooze (D:3)
  A dart slug (D:2)
  11 orcs
  6 bats
  2 giant cockroaches
  7 goblins
  6 hobgoblins
  8 jackals
  5 frilled lizards
  6 kobolds
  6 rats
65 creatures vanquished.

Notes
Turn   | Place    | Note
-------+----------+-------------------------------------------
     0 | D:1      | Fang the Gargoyle Berserker began the quest for the Orb.
     0 | D:1      | Reached XP level 1. HP: 14/14 MP: 1/1
   231 | D:1      | Reached XP level 2. HP: 19/19 MP: 2/2
   964 | D:2      | Reached XP level 3. HP: 23/23 MP: 3/3
  1444 | D:2      | Reached ** piety under Trog
  1451 | D:2      | Reached XP level 4. HP: 22/29 MP: 4/4
  2059 | D:3      | Found a basalt altar of Yredelemnul.
  2156 | D:3      | Reached XP level 5. HP: 24/33 MP: 5/5
  2419 | D:3      | Reached skill level 1 in Stealth
  2812 | D:4      | Noticed a phantom
  2904 | D:4      | Killed from afar by an orc priest

Skill      XL: |  1  2  3  4  5 |
---------------+----------------+-----
Axes           | 3 4 |  4.3
Dodging        | 2 |  2.9
Stealth        | 1 |  1.3
Fighting       | 4 |  4.1
Armour         | |  2.2

Action                   |  1- 3 |  4- 6 || total
-------------------------+-------+-------++-------
Melee: Hand axe          |   112 |   109 ||   221
Invok: Berserk           |     2 |     3 ||     5
 Stab: Sleeping          |       |     1 ||     1
  Eat: Chunk             |     4 |     6 ||    10
Armor: Animal skin       |    60 |    31 ||    91
Dodge: Dodged            |   110 |    61 ||   171
